 Dungeon Crawl Stone Soup version 0.20-a0-739-g6bb112f (webtiles) character file.

3683 zhorgal the Basher (level 9, -2/80 HPs)
             Began as a Minotaur Berserker on Feb 20, 2017.
             Was a High Priest of Trog.
             Slain by a bullfrog (3 damage)
             ... on level 7 of the Dungeon on Feb 24, 2017.
             The game lasted 00:30:03 (5143 turns).

zhorgal the Basher (Minotaur Berserker)             Turns: 5143, Time: 00:30:05

Health: -2/80      AC: 16    Str: 26    XL:     9   Next: 90%
Magic:  8/8        EV:  8    Int:  4    God:    Trog [*****.]
Gold:   431        SH:  0    Dex:  9    Spells: 8/8 levels left

rFire    . . .     SeeInvis .   E - +0 flail (venom)
rCold    + . .     Gourm    +   i - +1 plate armour
rNeg     . . .     Faith    .   (no shield)
rPois    .         Spirit   .   (helmet restricted)
rElec    .         Reflect  .   e - scarf {rC+}
rCorr    +         Harm     .   u - +0 pair of gloves
MR       .....                  A - +0 pair of boots
Stlth    ..........             C - amulet of the gourmand
Regen    0.3/turn               f - ring of flight
MPRegen  0.2/turn               q - ring of resist corrosion

@: exhausted, slowed, drained, very slow
A: retaliatory headbutt, horns 2
a: Berserk, Trog's Hand, Brothers in Arms, Burn Spellbooks, Renounce Religion,
Evoke Flight


You were on level 7 of the Dungeon.
You worshipped Trog.
Trog was extremely pleased with you.
You were very full.

You visited 2 branches of the dungeon, and saw 9 of its levels.

You collected 431 gold pieces.

Inventory:

Hand Weapons
 a - a +0 mace
 b - a +1 dagger of electrocution
 r - a cursed -1 spear
 y - a +0 dire flail
 E - a +0 flail of venom (weapon)
 F - a cursed -2 morningstar
Missiles
 G - 8 tomahawks (quivered)
Armour
 e - a scarf of cold resistance (worn)
 i - a +1 plate armour (worn)
 u - a +0 pair of gloves (worn)
 A - a +0 pair of boots (worn)
 I - a +2 robe of the Archmagi
Jewellery
 f - a ring of flight (right hand)
 q - a ring of resist corrosion (left hand)
 t - an uncursed ring of magical power
 z - an uncursed amulet of the gourmand
 C - an amulet of the gourmand (around neck)
Wands
 v - a wand of iceblast (15/15)
 D - a wand of random effects (36/48)
Scrolls
 h - 2 scrolls of teleportation
 k - 4 scrolls of identify
 l - a scroll of enchant armour
 m - a scroll of immolation
 B - a scroll of magic mapping {unknown}
 K - a scroll of enchant weapon {unknown}
 L - a scroll of remove curse
 M - a scroll of fog
Potions
 d - a potion of flight {unknown}
 g - a potion of lignification {unknown}
 j - 2 potions of agility {unknown}
 o - a potion of brilliance {unknown}
 p - a potion of berserk rage {unknown}
 s - a potion of might
 w - 2 potions of degeneration {unknown}
 x - a potion of cancellation {unknown}
 H - a potion of curing {unknown}
Comestibles
 c - 7 bread rations
 n - 4 meat rations


   Skills:
 + Level 7.7(6.8) Fighting
 * Level 13.3(12.3) Maces & Flails
 + Level 7.7(6.8) Armour
 + Level 3.5(2.7) Dodging


You had 8 spell levels left.
You didn't know any spells.

Dungeon Overview and Level Annotations

Branches:
Dungeon (8/15)             Temple (1/1) D:5
   Lair: D:8-11

Altars:
Ashenzari
Cheibriados
Dithmenos
Elyvilon
Fedhas
Gozag
Makhleb
Nemelex Xobeh
Okawaru
Qazlal
Vehumet
Xom
Zin
The Shining One

Shops:
D:6 *


Innate Abilities, Weirdness & Mutations

You reflexively headbutt those who attack you in melee.
You have a pair of horns on your head.


Message History

The bullfrog hits you.
* * * LOW HITPOINT WARNING * * *
The bullfrog hits you but does no damage. x2
You closely miss the bullfrog. You headbutt the bullfrog!
The bullfrog is almost dead.
The bullfrog hits you.
* * * LOW HITPOINT WARNING * * *
The bullfrog hits you but does no damage.
The bullfrog hits you.
* * * LOW HITPOINT WARNING * * *
The bullfrog hits you but does no damage.
There isn't anything here!
You closely miss the bullfrog. You headbutt the bullfrog.
The bullfrog is moderately wounded.
You kill the bullfrog!
Trog accepts your kill. The bullfrog hits you.
* * * LOW HITPOINT WARNING * * *
The bullfrog hits you.
You die...

##...........###.....#.........#
##.....###'### #§...§#..########
##########...#####.###..#
........................#
..................#.....#
.............##...#..)..########
##...##.##...##'###....).......#
##...##.#######†.F#...)).......#
.............#..@.#............#
.............#....#............#
.............#....#............#
.............#....#............#
##.####..##..####.#............#
##.####..##..####.##'#......>..#
.........#...........#.........#
.........#...........#.........#
.........#...........#.........#


You could see a bullfrog.

Vanquished Creatures
  A hornet (D:7)
  A hippogriff (D:4)
  A water moccasin (D:5)
  3 orc warriors
  2 ice beasts
  A sky beast (D:5)
  A black bear (D:4)
  An ogre (D:7)
  A phantom (D:5)
  A centaur (D:5)
  3 bullfrogs
  2 scorpions
  13 wights
  3 crimson imps
  4 howler monkeys (D:7)
  4 bullfrog zombies
  2 jellies
  4 hounds
  3 centaur zombies (D:5)
  2 bullfrog skeletons (D:5)
  2 centaur skeletons
  An orc priest (D:3)
  2 iguanas (D:7)
  Natasha (D:2)
  8 orc wizards
  3 worker ants
  2 hound zombies
  2 hound skeletons
  Robin (D:2)
  3 gnolls (D:6)
  A worker ant zombie (D:6)
  4 adders
  An adder zombie (D:5)
  2 adder skeletons
  A worm (D:2)
  5 dart slugs (D:1)
  3 leopard geckos
  35 orcs
  5 giant cockroaches
  12 goblins
  10 hobgoblins
  10 jackals
  5 kobolds
  5 quokkas
  4 ball pythons
  3 bats
  5 frilled lizards
  A jackal zombie (D:5)
  A quokka skeleton (D:5)
  A quokka zombie (D:8)
  5 rats
  A butterfly (D:5)
198 creatures vanquished.

Notes
Turn   | Place    | Note
-------+----------+-------------------------------------------
     0 | D:1      | zhorgal the Minotaur Berserker began the quest for the Orb.
     0 | D:1      | Reached XP level 1. HP: 19/19 MP: 0/0
    37 | D:1      | Reached skill level 4 in Maces & Flails
    51 | D:1      | Reached XP level 2. HP: 14/27 MP: 1/1
   449 | D:1      | Reached ** piety under Trog
   449 | D:1      | Reached XP level 3. HP: 33/33 MP: 2/2
   704 | D:2      | Noticed Natasha
   723 | D:2      | Killed Natasha
   867 | D:2      | Reached XP level 4. HP: 40/41 MP: 3/3
   869 | D:2      | Noticed Robin
   885 | D:2      | Killed Robin
   988 | D:2      | Reached skill level 5 in Maces & Flails
  1279 | D:3      | Reached XP level 5. HP: 33/47 MP: 4/4
  1349 | D:3      | Found a shadowy altar of Dithmenos.
  1350 | D:3      | Noticed an orc warrior
  1350 | D:3      | Found a blossoming altar of Fedhas.
  1350 | D:3      | Found an iron altar of Okawaru.
  1351 | D:3      | Found an opulent altar of Gozag.
  1367 | D:3      | Killed an orc warrior
  1367 | D:3      | Reached skill level 5 in Fighting
  1367 | D:3      | Reached skill level 6 in Maces & Flails
  1368 | D:3      | Reached XP level 6. HP: 38/56 MP: 5/5
  1372 | D:3      | Reached *** piety under Trog
  1655 | D:3      | You fall through a shaft for 2 floors!
  1655 | D:5      | Entered Level 5 of the Dungeon
  1679 | D:5      | Reached skill level 7 in Maces & Flails
  1883 | D:4      | Reached XP level 7. HP: 50/61 MP: 6/6
  2071 | D:3      | Found a radiant altar of Vehumet.
  2072 | D:3      | Found a burning altar of Makhleb.
  2222 | D:4      | Noticed a hippogriff
  2258 | D:4      | Reached skill level 8 in Maces & Flails
  2354 | D:4      | Killed a hippogriff
  2354 | D:4      | Reached skill level 9 in Maces & Flails
  2594 | D:4      | Reached XP level 8. HP: 70/70 MP: 7/7
  2678 | D:4      | Reached **** piety under Trog
  2976 | D:5      | Reached skill level 5 in Armour
  3017 | D:5      | Reached skill level 10 in Maces & Flails
  3175 | D:5      | Found a staircase to the Ecumenical Temple.
  3185 | D:5      | Upgraded the game from 0.20-a0-700-gbd4582c to 0.20-a0-739-g6bb112f
  3194 | Temple   | Entered the Ecumenical Temple
  3500 | D:5      | Reached skill level 11 in Maces & Flails
  3575 | D:5      | Found a snail-covered altar of Cheibriados.
  3850 | D:6      | Reached XP level 9. HP: 78/78 MP: 8/8
  3885 | D:6      | Found Huesuasi's Assorted Antiques.
  3919 | D:6      | Found a shimmering altar of Xom.
  4097 | D:6      | Found a white marble altar of Elyvilon.
  4121 | D:6      | Found a glowing silver altar of Zin.
  4122 | D:6      | Noticed an angel
  4184 | D:6      | Reached skill level 12 in Maces & Flails
  4430 | D:7      | Reached ***** piety under Trog
  4558 | D:7      | Found a stormy altar of Qazlal.
  4806 | D:7      | Found a glowing golden altar of the Shining One.
  4985 | D:7      | Reached skill level 13 in Maces & Flails
  5107 | D:8      | Noticed a gargoyle
  5142 | D:7      | HP: 2/80 [bullfrog (5)]
  5143 | D:7      | Slain by a bullfrog

Vault maps used:
D:1:      wheals_arrival_shading
D:2:      minivault_26, uniq_natasha, uniq_robin
D:3:      grunt_temple_overflow_lords_of_destruction,
          chequers_temple_overflow_statue_of_worship, hangedman_decor_push,
          hangedman_decor_lopped
D:5:      lemuel_doored_altar, minmay_temple_entry_butterflies, serial_undead,
          serial_undead_f, serial_undead_e, serial_undead_d, serial_undead_e,
          serial_undead_a, first_bread, kennysheep_pointless_box
D:6:      grunt_temple_overflow_order_and_chaos_1, kennysheep_mini_moat,
          serial_shops, nicolae_shop_behind_doors, kennysheep_crisscross
D:7:      nicolae_tso_carved_into_rock, grunt_qazlal_clouds
Temple:   chequers_temple_sunken

Skill      XL: |  1  2  3  4  5  6  7  8  9 |
---------------+----------------------------+-----
Maces & Flails | 4 5 6 7 9 11 13 | 13.3
Fighting       | 4 5 6 7 |  7.7
Armour         | 3 4 5 7 |  7.7
Dodging        | 3 |  3.5

Action                   |  1- 3 |  4- 6 |  7- 9 || total
-------------------------+-------+-------+-------++-------
Melee: Mace              |    70 |   102 |    66 ||   238
       Headbutt          |     8 |    22 |    69 ||    99
       Flail             |       |       |   316 ||   316
Invok: Burn Spellbooks   |       |     1 |     2 ||     3
       Berserk           |       |     2 |     2 ||     4
  Use: Scroll            |       |       |    13 ||    13
  Eat: Chunk             |       |     5 |    22 ||    27
Armor: Animal skin       |     2 |       |       ||     2
       Plate armour      |    35 |    69 |   251 ||   355
Dodge: Dodged            |    36 |    35 |   139 ||   210
